 Dungeon Crawl Stone Soup version 0.23.1 (webtiles) character file.

Game seed: 3521611231093539052

15312 poirepourri the Fighter (level 12, -1/85 HPs)
             Began as a Gargoyle Fighter on Mar 1, 2019.
             Was a High Priest of Cheibriados.
             Slain by a komodo dragon (18 damage)
             ... on level 12 of the Dungeon.
             The game lasted 00:12:01 (9527 turns).

poirepourri the Fighter (Gargoyle Fighter)          Turns: 9527, Time: 00:12:02

Health: -1/85      AC: 21    Str: 38    XL:     12   Next: 25%
Magic:  12/12      EV:  9    Int: 23    God:    Cheibriados [*****.]
Gold:   690        SH: 17    Dex: 27    Spells: 11/11 levels left

rFire    . . .     SeeInvis .   a - +5 flail
rCold    . . .     Gourm    .   c - +1 shield
rNeg     + . .     Faith    +   q - +0 scale mail
rPois    ∞         Spirit   .   g - +2 hat
rElec    +         Reflect  .   h - +1 cloak
rCorr    .         Harm     .   o - +1 pair of gloves
MR       +....                  (no boots)
Stlth    +.........             t - amulet of faith
HPRegen  0.24/turn              k - +3 ring of strength
MPRegen  0.13/turn              u - ring of protection from magic

@: about to teleport, very slow
A: negative energy resistance 1, electricity resistance, unbreathing,
petrification resistance, rot immunity, AC +8
a: Bend Time, Temporal Distortion, Slouch, Step From Time, Renounce Religion


You were on level 12 of the Dungeon.
You worshipped Cheibriados.
Cheibriados was extremely pleased with you.
You were not hungry.

You visited 2 branches of the dungeon, and saw 14 of its levels.
You also visited: Ossuary.

You collected 855 gold pieces.
You spent 165 gold pieces at shops.

Inventory:

Hand Weapons
 a - a +5 flail (weapon)
 b - a +0 hand crossbow
Missiles
 r - 96 bolts
 z - 6 javelins (quivered)
Armour
 c - a +1 shield (worn)
 g - a +2 hat (worn)
 h - a +1 cloak (worn)
 o - a +1 pair of gloves (worn)
 q - a +0 scale mail (worn)
Jewellery
 k - a +3 ring of strength (left hand)
 t - an amulet of faith (around neck)
 u - a ring of protection from magic (right hand)
 x - an uncursed ring of protection from magic
Wands
 n - a wand of digging (5)
 w - a wand of disintegration (10)
 y - a wand of flame (13)
Scrolls
 e - 2 scrolls of magic mapping
 s - 6 scrolls of remove curse
Potions
 d - 4 potions of curing
 i - a potion of brilliance
 j - 4 potions of flight
 m - 2 potions of mutation
 v - 2 potions of magic
 B - 3 potions of cancellation
Comestibles
 f - 16 rations


   Skills:
 - Level 14.0 Fighting
 - Level 10.0 Maces & Flails
 - Level 3.2 Armour
 + Level 12.2 Shields


You had 11 spell levels left.
You didn't know any spells.
Your spell library contained the following spells:

 Spells                   Type           Power        Failure   Level  Hunger
 Beastly Appendage        Tmut           #.....       36%         1    ##.....
 Sticks to Snakes         Tmut           #.......     52%         2    ###....
 Spider Form              Tmut/Pois      #.........   75%         3    ####...
 Ice Form                 Ice/Tmut       #.......     98%         4    #####..
 Blade Hands              Tmut           #.........   100%        5    ######.


Dungeon Overview and Level Annotations

Branches:
Dungeon (13/15)            Temple (1/1) D:7            Lair (0/6) D:11
    Orc (0/2) D:9
 Vaults: D:13-14

Altars:
Ashenzari
Cheibriados
Dithmenos
Elyvilon
Fedhas
Gozag
Hepliaklqana
Kikubaaqudgha
Makhleb
Nemelex Xobeh
Okawaru
Qazlal
Ru
Trog
Uskayaw
Vehumet
Wu Jian
Xom
Yredelemnul
Zin
The Shining One

Shops:
D:10 !   D:12 *

Annotations:
D:4 1 runed translucent door, Aston's ghost, amateur CeHu


Innate Abilities, Weirdness & Mutations

You are resistant to torment.
Your stone body is resilient. (AC +8)
You are immune to poison.
You resist negative energy. (rN+)
You are resistant to electric shocks. (rElec)
You can survive without breathing.
You are immune to petrification.
You are immune to rotting.


Message History

You block the komodo dragon's attack.
You feel much better. You block the slime creature's attack.
You block the komodo dragon's attack.
You sock the slime creature!
The slime creature is severely wounded.
You block the slime creature's attack. The komodo dragon bites you!
* * * LOW HITPOINT WARNING * * *
You sock the slime creature!
The slime creature is almost dead.
The slime creature hits you but does no damage.
You bludgeon the slime creature!!
You kill the slime creature!
Cheibriados thoroughly appreciates the change of pace.
The komodo dragon bites you but does no damage.
As you read the scroll of teleportation, it crumbles to dust.
You feel strangely unstable. The komodo dragon bites you!
* * * LOW HITPOINT WARNING * * *
You block the komodo dragon's attack. x2
The komodo dragon bites you!!
You die...

#.########
####.######
#.........#
#.........#
#.........#
#.........#########
'.........>....J.>#
#.........#######l#
...........#....@.#
................###
................#
#..........._..##
#..#####.#.....######
#...................#
#...####.#.#.#.###.##
#...# #.#.#.#.# #.#
#...# #.#.#.#.# #.#


You could see a komodo dragon.

Vanquished Creatures
  Rupert (D:12)
  2 hydras (D:12)
  A two-headed ogre (D:10)
  Sonja (D:12)
  An ugly thing (D:11)
  A manticore (D:12)
  A komodo dragon (D:12)
  2 trolls (D:9)
  3 slime creatures
  8 hippogriffs
  3 wyverns (D:11)
  A basilisk (D:11)
  Menkaure (Ossuary)
  A hungry ghost (D:11)
  A soldier ant (D:11)
  A water moccasin (shapeshifter) (D:12)
  2 water moccasins
  7 ice beasts
  A swamp drake (D:11)
  A phantom (D:9)
  4 orc warriors
  2 sky beasts (D:12)
  A necrophage (D:12)
  2 black bears
  2 ogres
  6 centaurs
  2 crocodiles
  3 big kobolds
  7 bullfrogs
  3 scorpions
  12 wights
  A howler monkey (D:6)
  3 crimson imps
  4 bullfrog zombies
  9 hounds
  4 jellies (D:11)
  2 gnoll shamans (D:8)
  9 orc priests
  4 centaur skeletons
  3 iguanas
  4 orc wizards
  12 worker ants
  3 mummies (Ossuary)
  2 worker ant zombies
  13 gnolls
  6 adders
  A shadow imp (D:5)
  7 oozes
  3 worms (D:2)
  2 dart slugs (D:1)
  4 leopard geckos
  16 orcs
  A ball python (D:3)
  5 bats
  9 giant cockroaches
  5 goblins
  9 hobgoblins
  18 jackals
  3 quokkas
  7 frilled lizards
  3 gnoll skeletons (Ossuary)
  3 gnoll zombies (Ossuary)
  3 goblin skeletons (Ossuary)
  5 goblin zombies (Ossuary)
  7 hobgoblin skeletons (Ossuary)
  4 hobgoblin zombies (Ossuary)
  A jackal skeleton (D:6)
  18 kobolds
  4 kobold skeletons (Ossuary)
  3 kobold zombies (Ossuary)
  A leopard gecko skeleton (D:5)
  2 orc skeletons (Ossuary)
  4 orc zombies (Ossuary)
  A quokka skeleton (D:8)
  A quokka zombie (D:7)
  13 rats
  4 rat skeletons (Ossuary)
  6 rat zombies (Ossuary)
336 creatures vanquished.

Vanquished Creatures (others)
  A goblin skeleton (Ossuary)
  An orc skeleton (Ossuary)
2 creatures vanquished.

Grand Total: 338 creatures vanquished

Notes
Turn   | Place    | Note
-------+----------+-------------------------------------------
     0 | D:1      | poirepourri the Gargoyle Fighter began the quest for the
                  | Orb.
     0 | D:1      | Reached XP level 1. HP: 14/14 MP: 1/1
    86 | D:1      | Reached XP level 2. HP: 18/19 MP: 2/2
   462 | D:1      | Reached XP level 3. HP: 14/23 MP: 3/3
   715 | D:2      | HP: 1/23 [worm (7)]
   740 | D:2      | Reached XP level 4. HP: 9/28 MP: 4/4
  1098 | D:2      | Found a shattered altar of Ashenzari.
  1678 | D:3      | Reached skill level 5 in Maces & Flails
  1678 | D:3      | Reached XP level 5. HP: 23/32 MP: 5/5
  1811 | D:3      | Found a burning altar of Makhleb.
  2094 | D:4      | Found a bloodstained altar of Trog.
  2096 | D:4      | Found a shimmering altar of Xom.
  2098 | D:4      | Found a glowing silver altar of Zin.
  2123 | D:4      | Reached XP level 6. HP: 31/37 MP: 6/6
  2141 | D:4      | Found an ornate altar of the Wu Jian Council.
  2230 | D:4      | Found a runed translucent door.
  2230 | D:4      | Noticed Aston's ghost (amateur CeHu)
  2465 | D:4      | Found a radiant altar of Vehumet.
  2556 | D:5      | Entered Level 5 of the Dungeon
  2582 | D:5      | Found a shadowy altar of Dithmenos.
  2737 | D:5      | Noticed a water moccasin
  2752 | D:5      | Killed a water moccasin
  2752 | D:5      | Reached XP level 7. HP: 37/41 MP: 7/7
  3196 | D:5      | Found a stormy altar of Qazlal.
  3402 | D:6      | Found a sand-covered staircase.
  3407 | Ossuary  | Entered an ossuary
  3700 | Ossuary  | Noticed Menkaure
  3717 | Ossuary  | Killed Menkaure
  3717 | Ossuary  | Reached XP level 8. HP: 36/46 MP: 8/8
  3992 | D:6      | Reached skill level 10 in Maces & Flails
  4190 | D:6      | Found a white marble altar of Elyvilon.
  4204 | D:6      | Reached skill level 4 in Fighting
  4291 | D:6      | Reached skill level 5 in Fighting
  4490 | D:7      | Noticed a hippogriff
  4498 | D:7      | Noticed a hippogriff
  4516 | D:6      | Reached skill level 6 in Fighting
  4869 | D:7      | Killed a hippogriff
  4869 | D:7      | Reached skill level 7 in Fighting
  4869 | D:7      | Reached XP level 9. HP: 20/57 MP: 9/9
  5044 | D:7      | Found a snail-covered altar of Cheibriados.
  5063 | D:7      | Became a worshipper of Cheibriados the Contemplative
  5093 | D:7      | Found a staircase to the Ecumenical Temple.
  5106 | Temple   | Entered the Ecumenical Temple
  5201 | D:7      | Reached skill level 8 in Fighting
  5512 | D:8      | Reached * piety under Cheibriados
  5512 | D:8      | Reached skill level 9 in Fighting
  5707 | D:8      | Reached skill level 10 in Fighting
  5738 | D:8      | Reached ** piety under Cheibriados
  5862 | D:8      | Reached skill level 11 in Fighting
  5862 | D:8      | Reached XP level 10. HP: 65/69 MP: 10/10
  6007 | D:8      | Found an iron altar of Okawaru.
  6077 | D:8      | Reached *** piety under Cheibriados
  6391 | D:9      | Reached skill level 12 in Fighting
  6526 | D:9      | Found a staircase to the Orcish Mines.
  6592 | D:9      | Found a glowing golden altar of the Shining One.
  6640 | D:9      | Found Taebug's Book Shoppe.
  6748 | D:9      | Found a blossoming altar of Fedhas.
  6814 | D:10     | Entered Level 10 of the Dungeon
  6878 | D:10     | Noticed a two-headed ogre
  6880 | D:10     | Reached skill level 13 in Fighting
  6908 | D:10     | Killed a two-headed ogre
  6908 | D:10     | Reached **** piety under Cheibriados
  7110 | D:10     | You fall through a shaft!
  7291 | D:11     | Noticed a purple ugly thing
  7297 | D:11     | Reached skill level 14 in Fighting
  7297 | D:11     | Reached XP level 11. HP: 76/80 MP: 11/11
  7302 | D:11     | Killed a purple ugly thing
  7353 | D:11     | Reached skill level 5 in Shields
  7556 | D:11     | Reached ***** piety under Cheibriados
  7843 | D:11     | Found a staircase to the Lair.
  8072 | D:10     | Found Ifo Puuw's Distillery.
  8076 | D:10     | Bought a potion of heal wounds for 75 gold pieces
  8076 | D:10     | Bought a potion of curing for 45 gold pieces
  8076 | D:10     | Bought a potion of curing for 45 gold pieces
  8449 | D:12     | Noticed Rupert
  8450 | D:12     | Paralysed by Rupert for 4 turns
  8457 | D:12     | Paralysed by Rupert for 5 turns
  8473 | D:12     | Killed Rupert
  8653 | D:12     | Found Ynlia's Mass Market.
  8656 | D:12     | Noticed an eight-headed hydra
  8668 | D:12     | Killed an eight-headed hydra
  8668 | D:12     | Reached skill level 10 in Shields
  8919 | D:12     | Noticed a manticore
  8926 | D:12     | Killed a manticore
  8926 | D:12     | Reached XP level 12. HP: 56/85 MP: 12/12
  9090 | D:12     | Noticed Sonja
  9096 | D:12     | Noticed a six-headed hydra
  9103 | D:12     | Killed a six-headed hydra
  9124 | D:12     | Killed Sonja
  9285 | D:12     | Found an opulent altar of Gozag.
  9527 | D:12     | Slain by a komodo dragon

Skill      XL: |  1  2  3  4  5  6  7  8  9 10 11 12 |
---------------+-------------------------------------+-----
Maces & Flails | 3 4 5 6 7 9 10 | 10.0
Fighting       | 7 11 14 | 14.0
Shields        | 11 12 | 12.2
Armour         | |  3.2

Action                   |  1- 3 |  4- 6 |  7- 9 | 10-12 || total
-------------------------+-------+-------+-------+-------++-------
Melee: Flail             |   125 |   222 |   395 |   429 ||  1171
 Fire: Hand crossbow     |       |       |    22 |       ||    22
Evoke: Wand              |       |       |       |    12 ||    12
  Use: Potion            |     3 |     1 |     8 |     6 ||    18
       Scroll            |       |    17 |    15 |     5 ||    37
 Stab: Confused          |       |       |       |     1 ||     1
  Eat: Ration            |       |     2 |     3 |     3 ||     8
Armor: Scale mail        |   166 |   135 |   205 |   244 ||   750
Dodge: Dodged            |    94 |    68 |   105 |   160 ||   427
Block: Shield            |   134 |   137 |   238 |   350 ||   859
